 Dungeon Crawl Stone Soup version 0.23.2-33-g5129a83184 (webtiles) character file.

Game seed: 7228899906737295447

4161 FishyPogo the Arsonist (level 10, 0/75 HPs)
             Began as a Naga Fire Elementalist on Aug 6, 2019.
             Was a Believer of Vehumet.
             Slain by a hippogriff (2 damage)
             ... on level 8 of the Dungeon.
             The game lasted 01:00:20 (7031 turns).

FishyPogo the Arsonist (Naga Fire Elementalist)     Turns: 7031, Time: 01:00:21

Health: 0/75       AC:  9    Str: 11    XL:     10   Next: 28%
Magic:  16/16      EV: 12    Int: 18    God:    Vehumet [**....]
Gold:   391        SH:  0    Dex: 12    Spells: 1/17 levels left

rFire    . . .     SeeInvis +   b - +3 falchion (elec)
rCold    . . .     Gourm    .   (no shield)
rNeg     . . .     Faith    .   j - +0 robe
rPois    +         Spirit   .   t - +0 helmet
rElec    .         Reflect  .   m - +1 cloak
rCorr    .         Harm     .   n - +1 pair of gloves
MR       +....                  (no barding)
Stlth    ++........             (no amulet)
HPRegen  0.22/turn              (no ring)
MPRegen  0.15/turn              (no ring)

@: starving, very slow
A: large, see invisible, deformed body, poison resistance, slowness 2, slow
metabolism 1, spit poison 1, AC +3
a: Spit Poison, Renounce Religion


You were on level 8 of the Dungeon.
You worshipped Vehumet.
Vehumet was pleased with you.
You were starving.

You visited 1 branch of the dungeon, and saw 9 of its levels.
You also visited: Ossuary.

You collected 391 gold pieces.

Inventory:

Hand Weapons
 a - a +1 whip of flaming
 b - a +3 falchion of electrocution (weapon)
 u - a +2 short sword of flaming
 v - a +0 club
Missiles
 s - 322 stones (quivered)
Armour
 j - a +0 robe (worn)
 m - a +1 cloak (worn)
 n - a +1 pair of gloves (worn)
 t - a +0 helmet (worn)
Jewellery
 x - an uncursed amulet of guardian spirit
Wands
 D - a wand of acid (14)
Scrolls
 e - 8 scrolls of identify
 f - 5 scrolls of fog {unknown}
 g - 3 scrolls of remove curse
 h - a scroll of amnesia {unknown}
 k - a scroll of teleportation {unknown}
 o - a scroll of fear {unknown}
 p - a scroll of blinking {unknown}
 y - a scroll of immolation {unknown}
Potions
 d - 3 potions of curing
 q - a potion of berserk rage
 r - a potion of agility
 w - 2 potions of heal wounds
 z - 2 potions of ambrosia
 A - a potion of invisibility {unknown}
 B - a potion of haste {unknown}
 C - 2 potions of degeneration {unknown}
Comestibles
 c - 13 rations


   Skills:
 + Level 5.4 Dodging
 - Level 3.0 Stealth
 - Level 4.2 Spellcasting
 * Level 8.9 Conjurations
 * Level 9.4 Fire Magic


You had one spell level left.
You knew the following spells:

 Your Spells              Type           Power        Failure   Level  Hunger
a - Flame Tongue          Conj/Fire      #####        1%          1    None
b - Throw Flame           Conj/Fire      #####.       1%          2    ##.....
c - Conjure Flame         Conj/Fire      #####...     1%          3    ###....
d - Sandblast             Erth           #.....       14%         1    None
e - Sting                 Conj/Pois      ###.         2%          1    None
f - Ignite Poison         Fire/Tmut/Pois ###.....     12%         3    ###....
g - Fireball              Conj/Fire      #####.....   9%          5    ######.

Your spell library contained the following spells:

 Spells                   Type           Power        Failure   Level  Hunger
 Sticky Flame             Conj/Fire      #####...     3%          4    ####...
 Inner Flame              Hex/Fire       ###.....     6%          3    ###....


Dungeon Overview and Level Annotations

Branches:
Dungeon (9/15)             Temple (0/1) D:7
   Lair: D:8-11         Orc: D:9-12

Altars:
Ashenzari
Cheibriados
Fedhas
Gozag
Nemelex Xobeh
Okawaru
Qazlal
Ru
Sif Muna
Trog
Vehumet
Wu Jian
Zin

Shops:
D:4 =?

Annotations:
D:6 3 runed translucent doors, PeSeC's ghost, novice MiFi
D:8 Gastronok


Innate Abilities, Weirdness & Mutations

You cannot wear boots.
Your serpentine skin is tough. (AC +3)
You have supernaturally acute eyesight. (SInv)
Armour fits poorly on your strangely shaped body.
Your system is resistant to poisons. (rPois)
You cover ground very slowly.
You have a slow metabolism.
You can spit poison.


Message History

* * * LOW HITPOINT WARNING * * *
The hippogriff claws you.
* * * LOW HITPOINT WARNING * * *
The hippogriff closely misses you.
The hippogriff pecks you but does no damage.
The hippogriff claws you.
* * * LOW HITPOINT WARNING * * *
You don't have the energy to cast that spell.
You closely miss the hippogriff.
The hippogriff is almost dead.
The hippogriff bites you.
* * * LOW HITPOINT WARNING * * *
The hippogriff completely misses you. The hippogriff misses you.
You're too hungry.
You completely miss the hippogriff.
The hippogriff is almost dead.
The hippogriff bites you.
* * * LOW HITPOINT WARNING * * *
The hippogriff barely misses you. The hippogriff claws you.
You die...

* *.#.# ************##.#.#
*,,,,,,,,,,,,....#
****,*******##...# ******** *
*,*,,,,,,#<...# *,,,,,,* *
*,**,***,#....# *,****,* *
*,,,,.,,,#....# *,****,**
*******,,..,#...H# *,*,,,,,*
,,,,,,,.###.#...@######.#,**,,*
,,,,,,.................$.,,,>,*
******#...#.#............,***,*
,,,,,*##*,#.#....##.###.#****,**
,,,,,* *,..$.....#*.#,,,,,,,,,,*
,,,,,* *..#.......,,#,*,********
,,,,,* *..#.#..#.#.,*,*,*
,,,,,**#.,#.....$###*,*,*
,,,,,,....#.#..#..,,,,,,*


You could see a hippogriff.

Vanquished Creatures
  A two-headed ogre (D:9)
  An unseen horror (D:7)
  Pikel (D:5)
  Maurice (D:9)
  Sigmund (D:5)
  A hungry ghost (D:8)
  An orc warrior (D:7)
  An ice beast (D:8)
  3 slaves (D:6)
  A black bear (D:8)
  2 sky beasts
  A centaur (D:6)
  A big kobold (D:8)
  A bullfrog (D:9)
  A scorpion (D:5)
  5 killer bees (D:7)
  3 howler monkeys
  2 crimson imps
  A centaur zombie (D:9)
  2 jellies (D:8)
  A centaur skeleton (D:7)
  2 orc priests (D:3)
  3 hounds
  Crazy Yiuf (D:2)
  An iguana (D:8)
  5 orc wizards
  2 worker ants (D:4)
  2 mummies (D:5)
  Robin (D:4)
  A howler monkey zombie (D:7)
  4 gnolls (D:2)
  7 adders
  A shadow imp (D:6)
  5 worms (D:2)
  2 dart slugs (D:1)
  A leopard gecko (D:2)
  19 orcs
  8 giant cockroaches
  15 goblins
  13 hobgoblins
  10 jackals
  2 quokkas
  9 bats
  5 frilled lizards
  15 kobolds
  A leopard gecko zombie (D:7)
  2 quokka skeletons (D:4)
  13 rats
  A fungus (D:9)
183 creatures vanquished.

Vanquished Creatures (others)
  A slave (D:6)
  An orc (D:6)
2 creatures vanquished.

Grand Total: 185 creatures vanquished

Notes
Turn   | Place    | Note
-------+----------+-------------------------------------------
     0 | D:1      | FishyPogo the Naga Fire Elementalist began the quest for
                  | the Orb.
     0 | D:1      | Reached XP level 1. HP: 15/15 MP: 3/3
   111 | D:1      | Reached XP level 2. HP: 22/22 MP: 3/5
   236 | D:1      | Learned a level 2 spell: Throw Flame
   446 | D:1      | Reached XP level 3. HP: 24/28 MP: 2/6
   757 | D:2      | Found an ornate altar of the Wu Jian Council.
   987 | D:2      | Reached XP level 4. HP: 36/36 MP: 4/7
  1008 | D:2      | Found an opulent altar of Gozag.
  1239 | D:2      | Reached skill level 4 in Fire Magic
  1253 | D:2      | Reached XP level 5. HP: 42/42 MP: 0/8
  1479 | D:2      | Found a runed translucent door.
  1480 | D:2      | Noticed Crazy Yiuf
  1487 | D:2      | Learned a level 3 spell: Conjure Flame
  1728 | D:2      | Killed Crazy Yiuf
  1784 | D:3      | Found a shattered altar of Ashenzari.
  1858 | D:3      | Found a sacrificial altar of Ru.
  1998 | D:3      | Found a sparkling altar of Nemelex Xobeh.
  2334 | D:3      | Found a radiant altar of Vehumet.
  2351 | D:3      | Became a worshipper of Vehumet
  2405 | D:3      | Reached XP level 6. HP: 30/49 MP: 2/10
  2679 | D:4      | Found Rilair's Jewellery Shoppe.
  2679 | D:4      | Found Gyvass's Magic Scroll Shoppe.
  2734 | D:4      | Noticed Robin
  2824 | D:4      | Killed Robin
  2839 | D:4      | Reached * piety under Vehumet
  2839 | D:4      | Offered knowledge of Sandblast by Vehumet.
  3008 | D:4      | Found a deep blue altar of Sif Muna.
  3130 | D:3      | Reached skill level 5 in Fire Magic
  3235 | D:5      | Entered Level 5 of the Dungeon
  3282 | D:5      | Found a sand-covered staircase.
  3285 | D:5      | Reached XP level 7. HP: 53/55 MP: 11/11
  3293 | Ossuary  | Entered an ossuary
  3638 | D:5      | Learned a level 1 spell: Sandblast
  3887 | D:5      | Found a bloodstained altar of Trog.
  3992 | D:5      | Noticed Sigmund
  4016 | D:5      | Killed Sigmund
  4016 | D:5      | Reached skill level 5 in Conjurations
  4016 | D:5      | Reached XP level 8. HP: 36/62 MP: 2/13
  4533 | D:6      | Noticed Pikel
  4547 | D:5      | Killed Pikel
  4547 | D:5      | Reached skill level 6 in Fire Magic
  4929 | D:6      | Found a snail-covered altar of Cheibriados.
  4936 | D:6      | Found an iron altar of Okawaru.
  4999 | D:6      | Found a runed translucent gate.
  4999 | D:6      | Found a runed translucent gate.
  4999 | D:6      | Found a runed translucent gate.
  5000 | D:6      | Noticed PeSeC's ghost (novice MiFi)
  5266 | D:7      | Reached skill level 7 in Fire Magic
  5398 | D:7      | Noticed an unseen horror
  5407 | D:7      | Killed an unseen horror
  5407 | D:7      | Reached XP level 9. HP: 38/68 MP: 5/15
  5539 | D:7      | Offered knowledge of Sting by Vehumet.
  5542 | D:7      | Learned a level 1 spell: Sting
  5650 | D:7      | You fall through a shaft for 2 floors!
  5651 | D:9      | Noticed Maurice
  5663 | D:9      | Killed Maurice
  5663 | D:9      | Reached skill level 8 in Fire Magic
  5791 | D:9      | Reached ** piety under Vehumet
  5831 | D:9      | Found a stormy altar of Qazlal.
  5832 | D:9      | Noticed a two-headed ogre
  5841 | D:9      | Killed a two-headed ogre
  5841 | D:9      | Reached skill level 5 in Dodging
  5841 | D:9      | Reached XP level 10. HP: 53/75 MP: 8/16
  5864 | D:9      | Found a blossoming altar of Fedhas.
  5875 | D:9      | Reached skill level 9 in Fire Magic
  6138 | D:7      | Found a glowing silver altar of Zin.
  6262 | D:7      | Offered knowledge of Ignite Poison by Vehumet.
  6267 | D:7      | Learned a level 3 spell: Ignite Poison
  6274 | D:7      | Learned a level 5 spell: Fireball
  6559 | D:7      | Found a staircase to the Ecumenical Temple.
  6727 | D:8      | Noticed Gastronok
  7031 | D:8      | HP: 2/75 [hippogriff (6)]
  7031 | D:8      | Slain by a hippogriff

Skill      XL: |  1  2  3  4  5  6  7  8  9 10 |
---------------+-------------------------------+-----
Conjurations   | 2 3 4 5 7 8 |  8.9
Dodging        | 2 3 4 5 |  5.4
Fire Magic     | 4 5 7 8 9 |  9.4
Spellcasting   | 3 4 |  4.2
Stealth        | |  3.0

Action                   |  1- 3 |  4- 6 |  7- 9 | 10-12 || total
-------------------------+-------+-------+-------+-------++-------
Melee: Unarmed           |    54 |     5 |       |       ||    59
       Whip              |       |    22 |    80 |       ||   102
       Falchion          |       |       |    45 |    47 ||    92
Throw: Stone             |     4 |     3 |       |       ||     7
 Cast: Flame Tongue      |    48 |    68 |    91 |    45 ||   252
       Throw Flame       |     9 |    31 |    29 |     8 ||    77
       Sandblast         |       |       |    26 |       ||    26
       Sting             |       |       |     6 |     6 ||    12
       Ignite Poison     |       |       |       |     2 ||     2
       Fireball          |       |       |       |     1 ||     1
 Abil: Spit Poison       |    13 |    46 |    29 |     7 ||    95
  Use: Potion            |       |       |     4 |     1 ||     5
       Scroll            |       |       |     3 |     4 ||     7
 Stab: Sleeping          |       |       |     1 |       ||     1
  Eat: Chunk             |     2 |    11 |     8 |     4 ||    25
       Ration            |       |       |       |     1 ||     1
Armor: Robe              |    15 |    15 |    75 |    31 ||   136
Dodge: Dodged            |    43 |    35 |   126 |    50 ||   254
       Rpst.: Falchion   |       |       |    17 |    14 ||    31
